 Dungeon Crawl Stone Soup version 0.31-a0-7-g51783674b7 (webtiles) character file.

Game seed: 541897027858022228

127 voltaire321 the Gusty (level 5, 0/34 HPs)
             Began as an Octopode Air Elementalist on May 5, 2023.
             Slain by Terence
             ... wielding a +0 short sword
              (6 damage)
             ... on level 3 of the Dungeon.
             The game lasted 00:04:48 (2253 turns).

voltaire321 the Gusty (Octopode Air Elementalist)   Turns: 2253, Time: 00:04:48

Health: 0/34       AC:  1    Str:  8    XL:     5   Next: 11%
Magic:  1/9        EV: 13    Int: 19    God:
Gold:   122        SH:  0    Dex: 12    Spells: 3/9 levels left

rFire   . . .        f - +1 spear (venom)
rCold   . . .        (no shield)
rNeg    . . .        (helmet restricted)
rPois   .            (no amulet)
rElec   .            (no ring)
rCorr   .            (no ring)
SInv    .            (no ring)
Will    .....        (no ring)
Stlth   +++          (no ring)
HPRegen 0.25/turn    (no ring)
MPRegen 0.11/turn    (no ring)
                     (no ring)

%: no passive effects
@: no status effects
A: almost no armour, amphibious, 8 rings, camouflage 1, gelatinous body 1,
(nimble swimmer 1), tentacles
a: no special abilities


You were on level 3 of the Dungeon.
You visited 1 branch of the dungeon, and saw 3 of its levels.

You collected 122 gold pieces.

Inventory:

Hand Weapons
 f - a +1 spear of venom (weapon)
 n - a +6 club
Scrolls
 b - a scroll of poison {unknown}
 d - 3 scrolls of identify {unknown}
 i - a scroll of noise {unknown}
 j - a scroll of magic mapping {unknown}
 k - a scroll of teleportation {unknown}
 l - a scroll of blinking {unknown}
Potions
 a - a potion of magic
 c - 2 potions of heal wounds {unknown}
 e - 3 potions of curing {unknown}
 g - a potion of lignification {unknown}
 h - 3 potions of flight {unknown}
 m - a potion of resistance {unknown}


   Skills:
 + Level 1.8 Fighting
 + Level 2.8 Dodging
 - Level 2.6 Stealth
 + Level 2.7 Spellcasting
 + Level 2.1 Conjurations
 + Level 3.6 Air Magic


You had 3 spell levels left.
You knew the following spells:

 Your Spells              Type           Power      Damage    Failure   Level
a - Shock                 Conj/Air       52%        1d6       4%          1
b - Static Discharge      Conj/Air       26%        2-4/arc   7%          2
c - Swiftness             Air            16%        N/A       11%         3

Your spell library contained the following spells:

 Spells                   Type           Power      Damage    Failure   Level
 Cigotuvi's Dreadful Rot  Necr/Pois/Air  14%        N/A       14%         2
 Airstrike                Air            8%         2d(2-18)  34%         4
 Dispel Undead            Necr           2%         3d7       83%         4
 Death Channel            Necr           1%         N/A       100%        6


Dungeon Overview and Level Annotations

Branches:
Dungeon (3/15)

Altars:

Annotations:
D:3 Terence


Innate Abilities, Weirdness & Mutations

You cannot wear most types of armour.
You are amphibious.
You can wear up to eight rings at the same time.
Your skin changes colour to match your surroundings (Stealth+).
Your rubbery body absorbs attacks. (AC +1, EV +1)
((You are camouflaged when in or above water. (Stealth+)))
You have tentacles for arms and can constrict up to eight enemies at once.


Message History

The zap hits Terence but does no damage.
Terence is moderately wounded.
The gnoll closely misses you.
Aiming: Shock (safe; 4% risk of failure)
Press: ? - help, Q - select action, (/) - cycle Shift-Dir - straight line The zap misses the gnoll.
The zap hits the gnoll.
The gnoll is heavily wounded.
The gnoll hits you with a +0 club.
You hit the gnoll.
The gnoll is poisoned.
Your grab misses the gnoll. Your squeeze misses the gnoll.
The gnoll is almost dead.
The gnoll hits you with a +0 club.
You hit the gnoll.
The gnoll looks as sick as possible!
Your grab misses the gnoll.
The gnoll is almost dead.
You kill the gnoll!
You have reached level 5!
You feel stronger. The gnoll attacks as you move away!
The gnoll hits you with a +0 whip!
* * * LOW HITPOINT WARNING * * *
You hit the gnoll.
The gnoll is poisoned.
You grab the gnoll.
You squeeze the gnoll, but do no damage.
The gnoll is lightly wounded.
You constrict the gnoll, but do no damage.
The gnoll hits you with a +0 whip.
* * * LOW HITPOINT WARNING * * *
You hit the gnoll.
The gnoll looks even sicker.
You squeeze the gnoll.
The gnoll is severely wounded.
You constrict the gnoll.
You kill the gnoll!
You closely miss Terence. Your grab misses Terence.
Terence is moderately wounded.
Terence barely misses you.
You closely miss Terence. You grab Terence.
Terence is moderately wounded.
You constrict Terence, but do no damage.
Terence hits you with a +0 short sword.
* * * LOW HITPOINT WARNING * * *
Terence hits you with a +0 short sword.
You die...

##.#.#..##.#
#########.###
#.###......#
...........).<
##.#.#..#####.#
######..###
##.##..####.#
######..### #.##......#
# ...........
#.##.###.#.#.
######..### #.##†#
#.##.# #..# # #.##.#
#†##.# #####..# #
#.##.# #@##.# ##......#
#)##.###@##.###...###.#
#.##......).)...#.....#
#.######.######...#####
#.####...#######.##
#............# #.#
######.#####.# #.# #.#
#...# #.# #.# #.### #@#


You could see Terence.

Vanquished Creatures
  Jessica (D:3)
  3 gnolls (D:3)
  2 adders (D:3)
  2 dart slugs (D:3)
  A worm (D:3)
  3 ball pythons
  3 bats
  7 endoplasms
  3 giant cockroaches
  4 goblins
  4 hobgoblins
  3 quokkas
  A frilled lizard (D:1)
  3 kobolds
  5 rats
45 creatures vanquished.

Notes
Turn   | Place    | Note
-------+----------+-------------------------------------------
     0 | D:1      | voltaire321 the Octopode Air Elementalist began the quest
                  | for the Orb.
     0 | D:1      | Reached XP level 1. HP: 11/11 MP: 3/3
     2 | D:1      | Noticed an octopode
     2 | D:1      | Noticed a demigod
     4 | D:1      | Noticed a troll
     6 | D:1      | Noticed a formicid
     6 | D:1      | Noticed a spriggan
     8 | D:1      | Noticed a vampire
     8 | D:1      | Noticed a tengu
    10 | D:1      | Noticed a vine stalker
    10 | D:1      | Noticed a meteoran
    12 | D:1      | Noticed a gargoyle
    12 | D:1      | Noticed a merfolk
    14 | D:1      | Noticed an elf
    14 | D:1      | Noticed an ogre
    16 | D:1      | Noticed a demonspawn
    18 | D:1      | Noticed a naga
    18 | D:1      | Noticed an armataur
    20 | D:1      | Noticed a felid
    22 | D:1      | Noticed a minotaur
    22 | D:1      | Noticed a human
    24 | D:1      | Noticed a demonspawn
    24 | D:1      | Noticed a ghoul
    26 | D:1      | Noticed a formicid
   194 | D:1      | Reached XP level 2. HP: 18/18 MP: 1/5
   605 | D:1      | You fall into a shaft and drop 1 floor!
  1124 | D:2      | Reached XP level 3. HP: 22/22 MP: 6/6
  1127 | D:2      | Learned a level 2 spell: Static Discharge
  1131 | D:2      | Learned a level 3 spell: Swiftness
  1224 | D:2      | Reached skill level 1 in Fighting
  1314 | D:2      | Found a faded altar of an unknown god.
  2118 | D:3      | Reached XP level 4. HP: 28/28 MP: 7/7
  2198 | D:3      | Noticed Jessica
  2202 | D:3      | Killed Jessica
  2221 | D:3      | Noticed Terence
  2248 | D:3      | Reached XP level 5. HP: 17/34 MP: 0/9
  2253 | D:3      | Slain by Terence

Illustrated notes

Levels and vault maps discovered:
D:1:      kb_arrival_jail, layout_loops_ring
D:2:      layout_loops_corners, shapermc_ecumenical_altar_gd
D:3:      layout_loops_ring, chequers_arboretum, uniq_jessica, uniq_terence

Skill      XL: |  1  2  3  4 |
---------------+-------------+-----
Fighting       | 1 |  1.8
Conjurations   | 2 |  2.1
Dodging        | |  2.8
Stealth        | |  2.6
Spellcasting   | |  2.7
Air Magic      | |  3.6

Action                     |  1- 3 |  4- 6 || total
---------------------------+-------+-------++-------
  Melee: Spear             |    57 |    14 ||    71
         Constrict         |    12 |     3 ||    15
         Tentacles         |    10 |     3 ||    13
         Unarmed           |     2 |       ||     2
         Punch             |     1 |       ||     1
   Cast: Shock             |    26 |    11 ||    37
   Stab: Sleeping          |     8 |     1 ||     9
 Armour: Skin              |     3 |       ||     3
  Dodge: Dodged            |    30 |     9 ||    39

Table legend: (Time is in decaauts)
 A = Elapsed time spent in this place.
 B = Non-inter-level travel time spent in this place.
 C = Inter-level travel time spent in this place.
 D = Time resting spent in this place.
 E = Time spent auto-exploring this place.
 F = Levels seen in this place.
 G = Mean time per level.
                   A        B        C        D        E       F      G
               +--------+--------+--------+--------+--------+-----+--------+
         Total |   2259 |   2206 |     53 |     41 |   1764 |   3 |  753.0 |
       Dungeon |   2259 |   2206 |     53 |     41 |   1764 |   3 |  753.0 |
               +--------+--------+--------+--------+--------+-----+--------+

Top non-repeatable levels by time:
     D:2: 921 daAuts
     D:1: 846 daAuts
     D:3: 491 daAuts
